 Dungeon Crawl Stone Soup version 0.31-a0-319-g4fced400ed (webtiles) character file.

Game seed: 13321889645366847421

104153 gruber the Brawler (level 15, -4/146 HPs)
             Began as a Troll Shapeshifter on July 17, 2023.
             Was the Champion of Uskayaw.
             Killed from afar by an ogre mage (21 damage)
             ... with a bolt of magma
             ... on level 2 of the Orcish Mines.
             The game lasted 00:32:36 (21223 turns).

gruber the Brawler (Troll Shapeshifter)            Turns: 21223, Time: 00:32:37

Health: -4/146     AC:  2    Str: 33    XL:     15   Next: 91%
Magic:  21/21      EV: 15    Int:  4    God:    Uskayaw [******]
Gold:   2194       SH:  5    Dex: 16    Spells: 14/14 levels left

rFire   + .          .
                       - Unarmed
rCold   + . .        (no shield)
rNeg    + . .        r - melded +2 robe {rF+}
rPois   .            (helmet restricted)
rElec   .            N - scarf {rC+ rF+}
rCorr   .            (gloves unavailable)
SInv    .            (boots unavailable)
Will    +....        w - amulet of reflection
Stlth   +            x - +6 ring of dexterity
HPRegen 1.24/turn    T - ring of positive energy
MPRegen 0.17/turn

%: reflection
@: maw-form, hasted, very quick
A: devouring maw, large, unfitting armour, claws 3, regeneration 1, shaggy fur
1, tough skin 1
a: Begin Untransformation, Renounce Religion, Stomp, Line Pass, Grand Finale


You were on level 2 of the Orcish Mines.
You worshipped Uskayaw.
Uskayaw was aware of your devotion.
You were a creature with a mouth for a stomach.
You visited 4 branches of the dungeon, and saw 23 of its levels.

You collected 2194 gold pieces.

Inventory:

Missiles
 z - 2 throwing nets
 M - 17 poisoned darts (quivered)
 O - 4 curare-tipped darts
Armour
 r - a +2 robe of fire resistance (melded)
 N - a scarf of resistance (worn)
Jewellery
 a - a ring of wizardry
 g - a +6 ring of intelligence
 w - an amulet of reflection (around neck)
 x - a +6 ring of dexterity (left claw)
 S - an amulet of magic regeneration
 T - a ring of positive energy (right claw)
 W - a ring of positive energy
Talismans
 c - a beast talisman
 J - a serpent talisman
 V - a maw talisman
Wands
 y - a wand of flame (30)
 B - a wand of charming (19)
 G - a wand of acid (7)
 R - a wand of polymorph (6)
Scrolls
 e - 4 scrolls of fear
 f - 21 scrolls of identify {unknown}
 h - 5 scrolls of enchant weapon
 i - 2 scrolls of noise {unknown}
 k - 5 scrolls of vulnerability
 l - 3 scrolls of immolation {unknown}
 o - 2 scrolls of acquirement {unknown}
 q - 3 scrolls of revelation {unknown}
 t - 5 scrolls of poison
 u - 5 scrolls of teleportation
 A - 5 scrolls of fog
 D - 2 scrolls of blinking {unknown}
 E - 4 scrolls of enchant armour {unknown}
 F - 4 scrolls of amnesia {unknown}
 L - 3 scrolls of butterflies {unknown}
 Q - 2 scrolls of silence {unknown}
 U - a scroll of brand weapon {unknown}
Potions
 b - 4 potions of lignification
 d - 3 potions of brilliance {unknown}
 j - 2 potions of berserk rage {unknown}
 m - 5 potions of haste
 n - 3 potions of attraction {unknown}
 p - a potion of might {unknown}
 s - 5 potions of heal wounds {unknown}
 v - 5 potions of curing
 C - 2 potions of enlightenment {unknown}
 H - a potion of resistance {unknown}
 I - a potion of mutation {unknown}
 K - a potion of invisibility {unknown}
 P - 2 potions of cancellation {unknown}


   Skills:
 - Level 9.1 Fighting
 - Level 10.0 Dodging
 - Level 17.0 Unarmed Combat
 - Level 10.1 Invocations
 * Level 12.6 Shapeshifting


You had 14 spell levels left.
You didn't know any spells.
Your spell library contained the following spells:

 Spells                   Type           Power      Damage    Failure   Level
 Foxfire                  Conj/Fire      0%         2x1d4     50%         1
 Freeze                   Ice            0%         1d3       50%         1
 Kiss of Death            Conj/Necr      0%         2d5       50%         1
 Sandblast                Erth           0%         2d4       50%         1
 Slow                     Hex            0%         N/A       50%         1
 Cigotuvi's Dreadful Rot  Necr/Pois/Air  0%         N/A       65%         2
 Passwall                 Tmut/Erth      0%         N/A       65%         2
 Wereblood                Tmut           0%         N/A       65%         2
 Call Canine Familiar     Summ           0%         N/A       86%         3
 Confusing Touch          Hex            0%         N/A       86%         3
 Frozen Ramparts          Ice            0%         1d1       86%         3
 Gell's Gravitas          Tloc           0%         N/A       86%         3
 Hailstorm                Conj/Ice       0%         3d3       86%         3
 Portal Projectile        Hex/Tloc       0%         N/A       86%         3
 Stone Arrow              Conj/Erth      0%         3d7       86%         3
 Teleport Other           Tloc           0%         N/A       86%         3
 Vampiric Draining        Necr           0%         2d6       86%         3
 Animate Dead             Necr           0%         N/A       99%         4
 Cause Fear               Hex            0%         N/A       99%         4
 Dispel Undead            Necr           0%         3d6       99%         4
 Leda's Liquefaction      Hex/Erth       0%         N/A       99%         4
 Olgreb's Toxic Radiance  Pois           0%         N/A       99%         4
 Petrify                  Tmut/Erth      0%         N/A       99%         4
 Alistair's Intoxication  Tmut/Pois      0%         N/A       100%        5
 Borgnjor's Vile Clutch   Necr/Erth      0%         N/A       100%        5
 Fireball                 Conj/Fire      0%         3d3       100%        5
 Irradiate                Conj/Tmut      0%         3d11      100%        5
 Metabolic Englaciation   Hex/Ice        0%         N/A       100%        5
 Dispersal                Tloc           0%         N/A       100%        6
 Eringya's Noxious Bog    Tmut/Pois      0%         4d6       100%        6
 Haunt                    Necr/Summ      0%         N/A       100%        7
 Infestation              Necr           0%         N/A       100%        8
 Dragon's Call            Summ           0%         N/A       100%        9


Dungeon Overview and Level Annotations

Branches:
Dungeon (15/15)            Temple (1/1) D:7            Lair (5/5) D:10
  Swamp (0/4) Lair:3        Snake (0/4) Lair:3        Slime (0/5) Lair:5
    Orc (2/2) D:12            Elf (0/3) Orc:2        Vaults (0/5) D:13
 Depths (0/4) D:15

Altars:
Ashenzari
Cheibriados
Dithmenos
Elyvilon
Fedhas
Gozag
Hepliaklqana
Kikubaaqudgha
Makhleb
Nemelex Xobeh
Okawaru
Qazlal
Ru
Sif Muna
Trog
Uskayaw
Vehumet
Wu Jian
Xom
Yredelemnul
Zin
The Shining One
Jiyva

Shops:
D:5 (   D:13 *   D:14 (

Portals:
Trove: D:11 (give 16 potions of curing)

Annotations:
D:3 exclusion: oklob plant


Innate Abilities, Weirdness & Mutations

You are a creature with a mouth for a stomach.
Your midsection houses a second, enormous mouth.
You are too large for most types of armour.
You have claws for hands.
Your natural rate of healing is unusually fast.
You are covered in fur. (AC +1)
You have tough skin. (AC +1)


Message History

You hear some strange, mumbled words.
Something tries to affect you, but you resist.
The orc priest hits you but does no damage.
You block the orc's attack. The orc warrior closely misses you.
Unknown command.
You scratch the orc.
You kill the orc!
Something hits you.
* * * LOW HITPOINT WARNING * * *
The orc priest hits you with a +0 club.
* * * LOW HITPOINT WARNING * * *
You block the orc warrior's attack.
You claw the orc priest! You bite the orc priest.
You devour the orc priest!
You feel better.
You kill the orc priest!
Unknown command.
You barely miss something.
You hear some strange, mumbled words.
A magic dart appears from out of thin air!
The magic dart hits you.
* * * LOW HITPOINT WARNING * * *
The orc warrior hits you from afar with a +0 glaive!
* * * LOW HITPOINT WARNING * * *
Unknown command.
You miss something. You claw something!
You devour something!
It tastes like orc.
You feel better.
Reactivating autopickup.
You feel a bit more experienced.
The orc warrior hits you from afar with a +0 glaive!
* * * LOW HITPOINT WARNING * * *
Unknown command.
Unknown command.
It was a potion of haste.
You feel yourself speed up. The orc warrior closely misses you.
It was a potion of curing.
You feel better.
Uskayaw links your audience in an emotional bond!
You feel better. The orc warrior barely misses you.
The ogre mage points at you and mumbles some strange words.
The bolt of magma hits you!! You partially resist.
You die...

.... ######.##.##....
....... .#.##.......>...
....... #...............
.......##.....#....###..
...................#####
....................# #
.....o...)..........# #
......)))...#.#..#.##
......OW)....#...###
......)).....#..##
......).........# #
.............#.## #
............#### #
..########...# # . ##..#
##### #..# ##.... #..#
#.....


You could see an ogre mage (pain bonded) and an orc warrior (pain bonded).

Vanquished Creatures
  Jorgrun (D:12)
  Rupert (D:13)
  Frances (D:13)
  Gastronok (D:11)
  Kirke (Lair:3)
  An orc warlord (Orc:2)
  A stone giant (D:15)
  Snorg (D:13)
  Erolcha (Orc:1)
  5 vault guards (D:13)
  2 hydras
  4 catoblepae
  7 two-headed ogres
  3 boulder beetles
  An ogre mage (Orc:2)
  4 centaur warriors
  A tengu warrior (D:14)
  19 death yaks
  Urug (Orc:1)
  Nergalle (Orc:1)
  Sonja (Lair:5)
  3 skysharks
  A deep elf archer (D:13)
  A lindwurm (Lair:5)
  4 orc knights (Orc:1)
  A wizard (D:13)
  6 ugly things (D:14)
  A deep elf pyromancer (D:15)
  5 cyclopes
  An oklob plant (Lair:1)
  6 orc sorcerers
  5 manticores
  19 elephants
  A black mamba (shapeshifter) (D:15)
  5 black mambas
  12 cane toads
  Maggie (D:8)
  5 yaktaurs (D:15)
  3 gargoyles
  2 kobold demonologists (D:11)
  2 rime drakes
  A torpor snail (Lair:5)
  16 komodo dragons
  2 unseen horrors
  A freezing wraith (D:15)
  2 ice devils (D:11)
  9 trolls
  A hornet (shapeshifter) (D:13)
  A blink frog (shapeshifter) (D:14)
  3 meliai (D:15)
  A polar bear (Lair:5)
  8 slime creatures
  2 shadows
  Sigmund (D:3)
  6 wyverns
  5 wraiths
  63 yaks
  6 basilisks
  A golden eye (shapeshifter) (D:15)
  4 fire bats (Lair:1)
  2 steam dragons
  5 hogs (Lair:3)
  3 vampire mosquitoes (D:13)
  3 nagas (Lair:3)
  14 two-headed ogre zombies (Orc:1)
  14 water moccasins
  21 orc warriors
  A black bear (D:5)
  An ice beast (D:8)
  2 sky beasts
  12 ogres
  24 wolves
  9 centaurs
  A kobold brigand (D:11)
  12 bullfrogs
  2 gnoll sergeants
  6 scorpions
  14 wights
  3 killer bees (D:10)
  4 howler monkeys
  An electric eel (Lair:1)
  2 jellies (D:6)
  3 hounds
  18 orc priests
  3 gnoll boudas
  4 sleepcaps
  4 iguanas
  25 orc wizards
  5 adders
  23 gnolls
  A shadow imp (D:7)
  2 white imps (D:7)
  A worm (D:2)
  2 dart slugs
  100 orcs
  4 endoplasms
  2 giant cockroaches
  5 goblins
  6 hobgoblins
  8 jackals
  6 quokkas
  11 ball pythons
  3 bats
  6 frilled lizards
  9 kobolds
  4 rats
686 creatures vanquished.

Notes
Turn   | Place    | Note
-------+----------+-------------------------------------------
     0 | D:1      | gruber the Troll Shapeshifter began the quest for the Orb.
     0 | D:1      | Reached XP level 1. HP: 19/19 MP: 0/0
   131 | D:1      | Reached XP level 2. HP: 27/27 MP: 1/1
   332 | D:1      | Reached skill level 3 in Unarmed Combat
   383 | D:1      | Found a faded altar of an unknown god.
   682 | D:2      | Reached XP level 3. HP: 33/33 MP: 2/2
   865 | D:2      | Reached skill level 4 in Unarmed Combat
  1172 | D:3      | Reached XP level 4. HP: 35/41 MP: 3/3
  1442 | D:3      | Reached skill level 5 in Unarmed Combat
  1474 | D:3      | Reached XP level 5. HP: 45/48 MP: 4/4
  1541 | D:3      | Noticed Sigmund
  1549 | D:3      | Killed Sigmund
  1550 | D:3      | Reached skill level 6 in Unarmed Combat
  1550 | D:3      | Reached XP level 6. HP: 55/55 MP: 5/5
  1720 | D:3      | Found a blossoming altar of Fedhas.
  1742 | D:3      | Noticed an oklob plant
  2044 | D:3      | Found a shimmering blue altar of Sif Muna.
  2365 | D:4      | Reached skill level 7 in Unarmed Combat
  2828 | D:4      | Got the Secrets of the Blazing Black Widow
  2971 | D:3      | Reached XP level 7. HP: 26/62 MP: 6/6
  3014 | D:4      | Reached skill level 8 in Unarmed Combat
  3173 | D:5      | Entered Level 5 of the Dungeon
  3442 | D:5      | Found Mochee Lutt's Antique Weapon Shop.
  3665 | D:5      | Reached XP level 8. HP: 79/79 MP: 7/7
  3905 | D:6      | Found a shimmering altar of Xom.
  4197 | D:6      | Found a snail-covered altar of Cheibriados.
  4198 | D:6      | Found a white marble altar of Elyvilon.
  4198 | D:6      | Found a hazy altar of Hepliaklqana.
  4220 | D:6      | Found an ornate altar of the Wu Jian Council.
  4237 | D:6      | Reached skill level 5 in Dodging
  4422 | D:6      | Noticed a two-headed ogre
  4430 | D:6      | Killed a two-headed ogre
  4431 | D:6      | Reached skill level 5 in Shapeshifting
  4431 | D:6      | Reached XP level 9. HP: 55/85 MP: 8/8
  4636 | D:7      | Found a staircase to the Ecumenical Temple.
  4663 | Temple   | Entered the Ecumenical Temple
  4690 | Temple   | Became a worshipper of Uskayaw the Reveller
  5038 | D:7      | Reached * piety under Uskayaw
  5039 | D:7      | Reached ** piety under Uskayaw
  5122 | D:7      | Reached skill level 9 in Unarmed Combat
  5127 | D:7      | Reached *** piety under Uskayaw
  5132 | D:7      | Reached **** piety under Uskayaw
  5416 | D:7      | Reached ***** piety under Uskayaw
  5417 | D:7      | Reached skill level 10 in Unarmed Combat
  5598 | D:8      | Reached skill level 1 in Invocations
  5611 | D:8      | Noticed Maggie
  5617 | D:8      | Killed Maggie
  5786 | D:8      | Identified the +4 leather armour "Yginkuar" {Rampage rPois
                  | Int+4}
  5921 | D:8      | Reached XP level 10. HP: 80/94 MP: 12/12
  6039 | D:8      | Reached skill level 5 in Invocations
  6619 | D:9      | Reached skill level 11 in Unarmed Combat
  6957 | D:9      | Found a sparkling altar of Nemelex Xobeh.
  7598 | D:10     | Entered Level 10 of the Dungeon
  7632 | D:10     | Noticed a two-headed ogre
  7637 | D:10     | Killed a two-headed ogre
  7742 | D:10     | Reached XP level 11. HP: 89/101 MP: 14/14
  7870 | D:10     | Found a staircase to the Lair.
  8240 | D:10     | Noticed a two-headed ogre
  8250 | D:10     | Killed a two-headed ogre
  8368 | D:10     | Found a glowing golden altar of the Shining One.
  8895 | D:11     | Found a portal to a secret trove of treasure.
  9233 | D:11     | Noticed Gastronok
  9319 | D:11     | Killed Gastronok
  9320 | D:11     | Reached skill level 12 in Unarmed Combat
  9551 | Lair:1   | Entered Level 1 of the Lair of Beasts
  9620 | Lair:1   | Reached skill level 13 in Unarmed Combat
  9712 | Lair:1   | Noticed an oklob plant
  9724 | Lair:1   | Killed an oklob plant
  9725 | Lair:1   | Reached XP level 12. HP: 48/109 MP: 15/15
  9726 | Lair:1   | Identified the +7 chain mail of Kimiah {Harm *Corrode rN+
                  | Regen+}
  9898 | Lair:1   | Reached skill level 14 in Unarmed Combat
 10634 | Lair:2   | Reached skill level 15 in Unarmed Combat
 10670 | Lair:2   | Reached ****** piety under Uskayaw
 10856 | Lair:2   | Reached skill level 16 in Unarmed Combat
 11059 | Lair:2   | Noticed a death yak
 11060 | Lair:2   | Noticed a death yak
 11082 | Lair:2   | Killed a death yak
 11087 | Lair:2   | Killed a death yak
 11136 | Lair:2   | Noticed a seven-headed hydra
 11226 | Lair:2   | Noticed a death yak
 11226 | Lair:2   | Noticed a death yak
 11238 | Lair:2   | Killed a seven-headed hydra
 11247 | Lair:2   | Killed a death yak
 11322 | Lair:2   | Killed a death yak
 11323 | Lair:2   | Reached XP level 13. HP: 108/115 MP: 16/16
 11763 | Lair:3   | Found a staircase to the Snake Pit.
 11953 | Lair:3   | Found a staircase to the Swamp.
 12067 | Lair:3   | Noticed Kirke
 12294 | Lair:3   | Killed Kirke
 12431 | Lair:3   | Reached skill level 10 in Dodging
 12823 | Lair:4   | Reached skill level 5 in Fighting
 13549 | Lair:5   | Entered Level 5 of the Lair of Beasts
 13702 | Lair:5   | Reached XP level 14. HP: 126/133 MP: 17/17
 14067 | Lair:5   | Noticed Sonja
 14072 | Lair:5   | Killed Sonja
 14386 | Lair:5   | Found a viscous altar of Jiyva.
 14386 | Lair:5   | Found a staircase to the Slime Pits.
 14807 | Lair:5   | Reached skill level 10 in Shapeshifting
 15267 | Lair:5   | Identified the +2 robe of Spite {+Blink Int+2 Dex-2}
 15755 | D:12     | Found a staircase to the Orcish Mines.
 16069 | D:12     | Noticed Jorgrun
 16073 | D:12     | Killed Jorgrun
 16327 | D:13     | Noticed Rupert
 16334 | D:13     | Killed Rupert
 16456 | D:13     | Found Muibegin's Assorted Antiques.
 16557 | D:13     | Noticed Snorg
 16566 | D:13     | Killed Snorg
 16709 | D:13     | Reached XP level 15. HP: 146/146 MP: 20/20
 16876 | D:13     | Found a gate to the Vaults.
 16960 | D:13     | Noticed Frances
 16969 | D:13     | Killed Frances
 17658 | D:14     | Reached skill level 10 in Invocations
 18270 | D:14     | Found Peino's Weapon Shop.
 18437 | D:15     | Entered Level 15 of the Dungeon
 19343 | D:15     | Found a staircase to the Depths.
 19892 | Orc:1    | Entered Level 1 of the Orcish Mines
 19940 | Orc:1    | Noticed Nergalle
 19956 | Orc:1    | Killed Nergalle
 19957 | Orc:1    | Reached skill level 17 in Unarmed Combat
 20483 | Orc:1    | Noticed Erolcha
 20507 | Orc:1    | Killed Erolcha
 20641 | Orc:1    | Noticed Urug
 20647 | Orc:1    | Killed Urug
 20889 | Orc:2    | Entered Level 2 of the Orcish Mines
 21061 | Orc:2    | Found a staircase to the Elven Halls.
 21220 | Orc:2    | HP: 2/146 [orc warrior/+0 glaive (12)]
 21223 | Orc:2    | Killed from afar by an ogre mage

Illustrated notes

Levels and vault maps discovered:
D:1:      onia_arrival_pyramid, layout_rooms, shapermc_ecumenical_altar_gd,
          minmay_tripent
D:2:      layout_loops_ring
D:3:      layout_loops_corners, led_sif_pool, tgw_fedhas, uniq_sigmund
D:4:      layout_loops_ring, lightli_minifort
D:5:      layout_loops_cross, serial_shops, nicolae_shop_just_a_little_nook
D:6:      layout_loops_cross, nicolae_overflow_quartered_altars,
          dk_xom_monty_hall
D:7:      nicolae_cairo_tiling_very_big, layout_loops_corners,
          minmay_temple_entry_stoned_glass
D:8:      layout_loops_ring, uniq_maggie
D:9:      layout_long_grid, nemelex_xobeh_ov_fountains_minmay
D:10:     layout_basic, tso_altar, david_lair_shrubbed
D:11:     layout_long_grid, portal_ice_cave_demonic_guard,
          nicolae_trove_entry_columns, grunt_ministairs_14, uniq_gastronok
D:12:     layout_cave_pools, hiddenorc2_lemuel, uniq_jorgrun
D:13:     layout_basic, grunt_vaults_entry_fortified, serial_shops, shop,
          minmay_hedge_maze, uniq_rupert, uniq_snorg, uniq_frances
D:14:     layout_loops_ring, serial_shops, nicolae_shop_tiny_real_fake_doors
D:15:     grunt_enter_depths_giant_problem, layout_basic,
          dreamdust_wishing_well, minmay_gold_behind_fungi,
          eino_small_chamber_without_monster
Temple:   nicolae_temple_god_jail
Lair:1:   hellmonk_ruined_rings, layout_gridlike, st_stairs_9,
          minmay_lair_oklob_items, beast_lair_carwin_11
Lair:2:   layout_roguey, serial_bayou_pond_a, grunt_megastairs_3
Lair:3:   layout_cellular_growth, minmay_swamp_entry_reptiles,
          minmay_snake_entry_guardpost_small, serial_bayou_shore_b, uniq_kirke
Lair:4:   layout_roguey, infiniplex_staircase_pool_2
Lair:5:   evilmike_catoblepas_cave, layout_concentric_octagons,
          dpeg_slime_entry_enclosed, uniq_sonja
Orc:1:    lemuel_ogre_cave, layout_caves, uniq_nergalle, uniq_urug
Orc:2:    st_orc_ogre_mass, layout_diamond_mine

Skill      XL: |  1  2  3  4  5  6  7  8  9 10 11 12 13 14 15 |
---------------+----------------------------------------------+-----
Unarmed Combat | 3 4 5 6 7 8 10 11 13 16 17 | 17.0
Fighting       | 4 7 9 |  9.1
Dodging        | 2 5 7 10 | 10.0
Shapeshifting  | 5 7 9 11 12 | 12.6
Invocations    | 4 6 8 10 | 10.1

Action                     |  1- 3 |  4- 6 |  7- 9 | 10-12 | 13-15 || total
---------------------------+-------+-------+-------+-------+-------++-------
  Melee: Unarmed           |    74 |    94 |   216 |   387 |   862 ||  1633
         Punch             |       |     1 |     9 |    10 |    34 ||    54
         Constrict         |       |       |       |    48 |   138 ||   186
         Maw               |       |       |       |       |    54 ||    54
  Throw: Dart              |       |       |       |    12 |     1 ||    13
 Invoke: Line Pass         |       |       |       |     1 |     2 ||     3
         Stomp             |       |       |       |       |     6 ||     6
  Evoke: Wand              |       |       |     1 |       |     2 ||     3
    Use: Scroll            |       |       |       |       |     6 ||     6
         Potion            |       |       |       |       |     3 ||     3
   Stab: Sleeping          |       |       |     2 |     2 |     1 ||     5
         Paralysed         |       |       |     4 |    22 |    68 ||    94
         Confused          |       |       |       |     1 |     3 ||     4
         Distracted        |       |       |       |       |     1 ||     1
 Armour: Animal skin       |    26 |     5 |       |       |       ||    31
         Robe              |       |    17 |    42 |    19 |       ||    78
         Skin              |       |       |       |    46 |   103 ||   149
  Dodge: Dodged            |    26 |    32 |    86 |   125 |   388 ||   657
  Block: Other             |       |       |    42 |    60 |   155 ||   257
         Reflection        |       |       |     3 |     2 |    16 ||    21
   Form: Anaconda          |       |       |       |     1 |       ||     1
         Maw               |       |       |       |       |     1 ||     1

Table legend: (Time is in decaauts)
 A = Elapsed time spent in this place.
 B = Non-inter-level travel time spent in this place.
 C = Inter-level travel time spent in this place.
 D = Time resting spent in this place.
 E = Time spent auto-exploring this place.
 F = Levels seen in this place.
 G = Mean time per level.
                   A        B        C        D        E       F      G
               +--------+--------+--------+--------+--------+-----+--------+
         Total |  20823 |  19506 |   1317 |   1056 |  14930 |  23 |  905.3 |
       Dungeon |  13646 |  12664 |    982 |    538 |  10097 |  15 |  909.7 |
        Temple |     36 |     27 |      9 |      0 |     12 |   1 |   36.0 |
          Lair |   5878 |   5569 |    309 |    493 |   3901 |   5 | 1175.6 |
  Orcish Mines |   1261 |   1246 |     15 |     25 |    920 |   2 |  630.5 |
               +--------+--------+--------+--------+--------+-----+--------+

Top non-repeatable levels by time:
  Lair:5: 1849 daAuts
  Lair:2: 1340 daAuts
    D:13: 1244 daAuts
     D:3: 1205 daAuts
    D:15: 1179 daAuts
    D:10: 1074 daAuts
     D:9: 1069 daAuts
    D:14: 1039 daAuts
  Lair:1: 1005 daAuts
     D:7: 967 daAuts
  Lair:3: 960 daAuts
   Orc:1: 951 daAuts
    D:11: 919 daAuts
     D:8: 849 daAuts
     D:6: 824 daAuts
